 Dungeon Crawl Stone Soup version 0.24.0-1-gfbc8707122 (webtiles) character file.

Game seed: 10173427184060804693, levelgen mode: deterministic

308 DavidChitty2 the Stinger (level 6, -3/44 HPs)
             Began as a Gnoll Venom Mage on Oct 28, 2019.
             Slain by an ogre
             ... wielding a +0 giant club
              (9 damage)
             ... on level 4 of the Dungeon.
             The game lasted 00:09:33 (3395 turns).

DavidChitty2 the Stinger (Gnoll Venom Mage)         Turns: 3395, Time: 00:09:34

Health: -3/44      AC:  8    Str: 13    XL:     6   Next: 40%
Magic:  0/14       EV: 14    Int: 17    God:
Gold:   120        SH:  0    Dex: 15    Spells: 5/15 levels left

rFire    . . .     SeeInvis .   a - +0 short sword
rCold    . . .     Gourm    .   (no shield)
rNeg     . . .     Faith    .   n - +0 leather armour
rPois    .         Spirit   .   l - +1 helmet
rElec    .         Reflect  .   (no cloak)
rCorr    .         Harm     .   (no gloves)
MR       .....                  k - +2 pair of boots
Stlth    +++.......             (no amulet)
HPRegen  0.14/turn              (no ring)
MPRegen  0.14/turn              (no ring)

@: no status effects
A: distributed training, fangs 1, strong nose
a: no special abilities


You were on level 4 of the Dungeon.
You were not hungry.

You visited 1 branch of the dungeon, and saw 4 of its levels.

You collected 120 gold pieces.

Inventory:

Hand Weapons
 a - a +0 short sword (weapon)
   (You took it off a kobold on level 1 of the Dungeon)
Missiles
 b - a poisoned dart (quivered)
Armour
 k - a +2 pair of boots (worn)
   (You found it on level 2 of the Dungeon)
 l - a +1 helmet (worn)
   (You took it off Robin on level 2 of the Dungeon)
 n - a +0 leather armour (worn)
   (You found it on level 2 of the Dungeon)
 o - a +0 ring mail
   (You found it on level 2 of the Dungeon)
Scrolls
 f - a scroll of amnesia
 g - 4 scrolls of teleportation {@r4}
 i - 2 scrolls of remove curse {@r2}
Potions
 d - a potion of curing {@q1}
 q - a potion of brilliance
 r - a potion of mutation {unknown}
 s - a potion of resistance {unknown}
Comestibles
 c - a chunk of flesh
 e - 7 rations {!d}


   Skills:
 + Level 1.9 Fighting
 + Level 1.9 Short Blades
 + Level 1.9 Long Blades
 + Level 1.9 Axes
 + Level 1.9 Maces & Flails
 + Level 1.9 Polearms
 + Level 1.9 Staves
 + Level 1.9 Slings
 + Level 1.9 Bows
 + Level 1.9 Crossbows
 + Level 1.9 Throwing
 + Level 1.9 Armour
 + Level 4.9 Dodging
 + Level 4.5 Stealth
 + Level 1.9 Shields
 + Level 1.9 Unarmed Combat
 + Level 5.3 Spellcasting
 + Level 2.6 Conjurations
 + Level 1.5 Hexes
 + Level 1.5 Charms
 + Level 1.5 Summonings
 + Level 1.5 Necromancy
 + Level 1.5 Translocations
 + Level 1.5 Transmutations
 + Level 1.5 Fire Magic
 + Level 1.5 Ice Magic
 + Level 1.5 Air Magic
 + Level 1.5 Earth Magic
 + Level 5.6 Poison Magic
 + Level 2.1 Invocations
 + Level 1.9 Evocations


You had 5 spell levels left.
You knew the following spells:

 Your Spells              Type           Power        Failure   Level  Hunger
a - Sting                 Conj/Pois      ###.         3%          1    None
f - Mephitic Cloud        Conj/Pois/Air  ###.....     14%         3    ##.....
x - Poisonous Vapours     Pois/Air       ###...       6%          2    #......
y - Olgreb's Toxic Radia  Pois           ###.....     17%         4    ####...

Your spell library contained the following spells:

 Spells                   Type           Power        Failure   Level  Hunger
 Venom Bolt               Conj/Pois      ###.......   65%         5    ######.


Dungeon Overview and Level Annotations

Branches:
Dungeon (4/15)
 Temple: D:4-7

Altars:
Ashenzari
Elyvilon
Fedhas
Yredelemnul


Innate Abilities, Weirdness & Mutations

Your experience applies equally to all skills.
You have very sharp teeth.
Your uncanny sense of smell can sniff out nearby items.


Message History

You start resting.
Eating one of 2 chunks of flesh.
You eat one of the 2 chunks of flesh.
An ogre comes into view. It is wielding a +0 giant club.
The ogre shouts!
The ogre hits you with a +0 giant club!!
Unknown command.
The dart slug launches a dart at you.
The slug dart hits you but does no damage.
Aim: an ogre, wielding a +0 giant club The ball explodes into a vile cloud!
The stinking cloud engulfs the ogre but does no damage.
The ogre is engulfed in noxious fumes.
The ogre appears confused.
You hit the ogre. You hit the ogre but do no damage.
The ogre hits you with a +0 giant club!!
* * * LOW HITPOINT WARNING * * *
You don't have enough magic to cast that spell.
Aim: an ogre, wielding a +0 giant club (lightly wounded, confused)
The sting hits the ogre.
Throwing (i - inventory)
b - 7 poisoned darts (quivered)
Aim: an ogre, wielding a +0 giant club (moderately wounded, confused)
You throw a poisoned dart. The poisoned dart hits the ogre.
The ogre is poisoned.
Throwing (i - inventory)
b - 6 poisoned darts (quivered)
Aim: an ogre, wielding a +0 giant club (moderately wounded, poisoned, confused)
You throw a poisoned dart. The poisoned dart hits the ogre.
The ogre looks even sicker.
The ogre hits the dart slug with a +0 giant club!
The dart slug is killed!
The ogre completely misses itself.
Throwing (i - inventory)
b - 5 poisoned darts (quivered)
Aim: an ogre, wielding a +0 giant club (heavily wounded, poisoned, confused)
You throw a poisoned dart.
The poisoned dart completely misses the ogre.
Throwing (i - inventory)
b - 4 poisoned darts (quivered)
Aim: an ogre, wielding a +0 giant club (heavily wounded, poisoned, confused)
You throw a poisoned dart.
The poisoned dart barely misses the ogre.
Aim: an ogre, wielding a +0 giant club (heavily wounded, poisoned, confused)
The sting hits the ogre.
The ogre looks even sicker.
The ogre seems less confused.
The ogre closely misses you.
Throwing (i - inventory)
b - 3 poisoned darts (quivered)
Aim: an ogre, wielding a +0 giant club (heavily wounded, poisoned)
You throw a poisoned dart. The poisoned dart hits the ogre.
The ogre looks as sick as possible!
Throwing (i - inventory)
b - 2 poisoned darts (quivered)
Aim: an ogre, wielding a +0 giant club (severely wounded, poisoned)
You throw a poisoned dart. The poisoned dart hits the ogre.
The ogre looks as sick as possible!
The ogre hits you with a +0 giant club!
You die...

##########
###......#.#
#........#.#
##.......##@#
#........#O##
#........#(#
#.......#..#
#.......#.##
#....รท<##.#
##.....#.##
##...##.#
##..##.#


You could see an ogre.

Vanquished Creatures
  An ogre (D:4)
  A howler monkey (D:4)
  An orc priest (D:3)
  An orc wizard (D:3)
  Robin (D:2)
  3 adders (D:3)
  An ooze (D:4)
  A worm (D:3)
  3 dart slugs
  A leopard gecko (D:2)
  8 orcs (D:3)
  3 giant cockroaches
  6 hobgoblins
  3 quokkas
  3 ball pythons (D:1)
  4 bats (D:1)
  2 frilled lizards
  18 goblins
  5 kobolds
  12 rats
78 creatures vanquished.

Notes
Turn   | Place    | Note
-------+----------+-------------------------------------------
     0 | D:1      | DavidChitty2 the Gnoll Venom Mage began the quest for the
                  | Orb.
     0 | D:1      | Reached XP level 1. HP: 13/13 MP: 6/6
   240 | D:1      | Found a shattered altar of Ashenzari.
   259 | D:1      | Reached XP level 2. HP: 19/19 MP: 3/7
   263 | D:1      | Learned a level 2 spell: Poisonous Vapours
   798 | D:1      | Reached XP level 3. HP: 25/25 MP: 0/9
   877 | D:1      | Learned a level 3 spell: Mephitic Cloud
  1107 | D:2      | Reached skill level 5 in Spellcasting
  1558 | D:2      | Reached skill level 1 in Invocations
  1569 | D:2      | Noticed Robin
  1646 | D:2      | Killed Robin
  1646 | D:2      | Reached skill level 1 in Fighting
  1646 | D:2      | Reached skill level 1 in Short Blades
  1646 | D:2      | Reached skill level 1 in Long Blades
  1646 | D:2      | Reached skill level 1 in Axes
  1646 | D:2      | Reached skill level 1 in Maces & Flails
  1646 | D:2      | Reached skill level 1 in Polearms
  1646 | D:2      | Reached skill level 1 in Staves
  1646 | D:2      | Reached skill level 1 in Slings
  1646 | D:2      | Reached skill level 1 in Bows
  1646 | D:2      | Reached skill level 1 in Crossbows
  1646 | D:2      | Reached skill level 1 in Throwing
  1646 | D:2      | Reached skill level 1 in Armour
  1646 | D:2      | Reached skill level 1 in Shields
  1646 | D:2      | Reached skill level 1 in Unarmed Combat
  1646 | D:2      | Reached skill level 1 in Evocations
  1726 | D:2      | Reached XP level 4. HP: 32/32 MP: 8/11
  1780 | D:2      | Learned a level 4 spell: Olgreb's Toxic Radiance
  1868 | D:2      | Found a basalt altar of Yredelemnul.
  1919 | D:2      | Found a white marble altar of Elyvilon.
  2274 | D:3      | Reached skill level 1 in Hexes
  2274 | D:3      | Reached skill level 1 in Charms
  2274 | D:3      | Reached skill level 1 in Summonings
  2274 | D:3      | Reached skill level 1 in Necromancy
  2274 | D:3      | Reached skill level 1 in Translocations
  2274 | D:3      | Reached skill level 1 in Transmutations
  2274 | D:3      | Reached skill level 1 in Fire Magic
  2274 | D:3      | Reached skill level 1 in Ice Magic
  2274 | D:3      | Reached skill level 1 in Air Magic
  2274 | D:3      | Reached skill level 1 in Earth Magic
  2659 | D:3      | Reached XP level 5. HP: 37/37 MP: 6/12
  3063 | D:3      | Found a blossoming altar of Fedhas.
  3342 | D:4      | Reached XP level 6. HP: 44/44 MP: 4/13
  3395 | D:4      | Slain by an ogre

Levels and vault maps discovered:
D:1:      lightli_arrival_isolated_outpost, layout_basic,
          evilmike_ruin_ashenzari
D:2:      layout_rooms, kennysheep_ying_yang, first_ration, uniq_robin
D:3:      layout_rooms, fedhas_altar_4
D:4:      layout_cave_pods, serial_column_ruins, column_ruins_corridor_straight,
          column_ruins_open_tiny, column_ruins_open_tiny,
          column_ruins_corridor_straight, column_ruins_open_tiny,
          column_ruins_corridor_straight, serial_shops, shop,
          nrook_loot_triangle, minmay_pentomino_pile

Skill      XL: |  1  2  3  4  5  6 |
---------------+-------------------+-----
Conjurations   | 2 |  2.6
Spellcasting   | 5 |  5.3
Invocations    | 1 2 |  2.1
Fighting       | 1 |  1.9
Short Blades   | 1 |  1.9
Long Blades    | 1 |  1.9
Axes           | 1 |  1.9
Maces & Flails | 1 |  1.9
Polearms       | 1 |  1.9
Staves         | 1 |  1.9
Slings         | 1 |  1.9
Bows           | 1 |  1.9
Crossbows      | 1 |  1.9
Throwing       | 1 |  1.9
Armour         | 1 |  1.9
Shields        | 1 |  1.9
Unarmed Combat | 1 |  1.9
Evocations     | 1 |  1.9
Hexes          | 1 |  1.5
Charms         | 1 |  1.5
Summonings     | 1 |  1.5
Necromancy     | 1 |  1.5
Translocations | 1 |  1.5
Transmutations | 1 |  1.5
Fire Magic     | 1 |  1.5
Ice Magic      | 1 |  1.5
Air Magic      | 1 |  1.5
Earth Magic    | 1 |  1.5
Dodging        | |  4.9
Stealth        | |  4.5
Poison Magic   | |  5.6

Action                   |  1- 3 |  4- 6 || total
-------------------------+-------+-------++-------
Melee: Dagger            |       |     7 ||     7
       Bite              |       |     1 ||     1
       Short sword       |       |     2 ||     2
Throw: Dart              |       |    14 ||    14
 Cast: Sting             |    39 |    37 ||    76
       Poisonous Vapours |    28 |    32 ||    60
       Mephitic Cloud    |     2 |     4 ||     6
       Olgreb's Toxic Ra |       |     1 ||     1
  Use: Scroll            |       |     8 ||     8
 Stab: Sleeping          |       |     1 ||     1
  Eat: Chunk             |     2 |     7 ||     9
Armor: Robe              |     3 |       ||     3
       Leather armour    |       |     2 ||     2
Dodge: Dodged            |     7 |     8 ||    15
